 Dungeon Crawl Stone Soup version 0.20-a0-1116-gaa52201 (webtiles) character file.

12035 grindst0ne the Fighter (level 11, -7/107 HPs)
             Began as a Demonspawn Berserker on May 8, 2017.
             Was a High Priest of Trog.
             Mangled by a polar bear (18 damage)
             ... in an ice cave.
             The game lasted 00:38:12 (10380 turns).

grindst0ne the Fighter (Demonspawn Berserker)      Turns: 10380, Time: 00:38:13

Health: -7/107     AC: 19    Str: 20    XL:     11   Next: 57%
Magic:  0/11       EV:  9    Int:  8    God:    Trog [*****.]
Gold:   252        SH:  0    Dex: 19    Spells: 10/10 levels left

rFire    . . .     SeeInvis +   O - +2 morningstar (freeze) (curse)
rCold    + + .     Gourm    .   (no shield)
rNeg     . . .     Faith    .   P - +2 chain mail {rC+}
rPois    .         Spirit   +   a - +1 hat
rElec    .         Reflect  .   (no cloak)
rCorr    .         Harm     .   b - +0 pair of gloves
MR       .....                  (no boots)
Stlth    ..........             j - amulet of guardian spirit
Regen    0.3/turn               S - ring of ice
MPRegen  0.2/turn               x - +5 ring of dexterity

@: very slightly contaminated, slowed, very slow
A: talons 2, thin metallic scales 2, see invisible, blink, fire resistance 1,
robust 1, spiny 2
a: Blink, Berserk, Trog's Hand, Brothers in Arms, Burn Spellbooks, Renounce
Religion


You were in an ice cave.
You worshipped Trog.
Trog was extremely pleased with you.
You were hungry.

You visited 1 branch of the dungeon, and saw 11 of its levels.
You also visited: Ice Cave.

You collected 732 gold pieces.
You spent 480 gold pieces at shops.

Inventory:

Hand Weapons
 u - a +2 hand axe of freezing
 w - the +6 rapier of the Big Fish {venom, Stlth+}
   (You found it on level 4 of the Dungeon)

   It poisons the flesh of those it strikes.
   It makes you more stealthy.
 G - a -2 halberd
 M - a -2 halberd of venom
 N - a +3 halberd
 O - a cursed +2 morningstar of freezing (weapon)
 T - the cursed +0 lajatang of Wu Jian's Generosity {drain, Int+2, unknown}
   (You bought it in a shop on level 9 of the Dungeon)

   A truly terrible weapon, it drains the life of those it strikes.
   It affects your intelligence (+2).
   It has a curse placed upon it.
 Y - a +2 broad axe of flaming
 Z - a +1 war axe of flaming
Missiles
 z - 8 javelins of penetration
 B - 9 tomahawks (quivered)
 H - 2 throwing nets
Armour
 a - a +1 hat (worn)
 b - a +0 pair of gloves (worn)
 v - the +5 ring mail of Sin {rElec rPois Int+5 Dex-3 Stlth+}
   (You found it on level 10 of the Dungeon)

   It affects your intelligence (+5).
   It affects your dexterity (-3).
   It insulates you from electricity.
   It protects you from poison.
   It makes you more stealthy.
 P - a +2 chain mail of cold resistance (worn)
Jewellery
 j - an amulet of guardian spirit (around neck)
 q - an uncursed ring of see invisible
 x - a +5 ring of dexterity (right hand)
 A - a +5 ring of dexterity
 S - a ring of ice (left hand)
Wands
 t - a wand of paralysis (7/24)
 y - a wand of confusion (30/48)
 E - a wand of polymorph (20/24)
 K - a wand of lightning (7/15)
 R - a wand of confusion (21/48)
Scrolls
 f - 5 scrolls of teleportation
 h - 2 scrolls of amnesia
 k - 6 scrolls of identify
 m - 2 scrolls of enchant armour
 C - a scroll of magic mapping
 Q - a scroll of recharging
 X - a scroll of blinking
Potions
 e - 5 potions of brilliance
 g - 4 potions of curing
 i - a potion of heal wounds
 l - 2 potions of haste
 n - a potion of lignification
 p - a potion of magic
 D - a potion of flight
 J - 5 potions of might
 L - a potion of agility
 V - a potion of cancellation {unknown}
 W - 2 potions of mutation
Books
 r - a book of Misfortune

   Spells                             Type                      Level
   a - Confusing Touch                Hexes                        1
   b - Confuse                        Hexes                        3
   c - Gell's Gravitas                Translocation                3
   d - Petrify                        Transmutation/Earth          4
   e - Metabolic Englaciation         Hexes/Ice                    5
   f - Yara's Violent Unravelling     Hexes/Transmutation          5
   Trog disapproves of the use of such an item.
 s - a book of Maledictions

   Spells                             Type                      Level
   a - Corona                         Hexes                        1
   b - Ensorcelled Hibernation        Hexes/Ice                    2
   c - Confuse                        Hexes                        3
   d - Tukima's Dance                 Hexes                        3
   e - Dazzling Spray                 Conjuration/Hexes            3
   Trog disapproves of the use of such an item.
 I - a book of Conjurations

   Spells                             Type                      Level
   a - Magic Dart                     Conjuration                  1
   b - Searing Ray                    Conjuration                  2
   c - Dazzling Spray                 Conjuration/Hexes            3
   d - Fulminant Prism                Conjuration/Hexes            4
   e - Force Lance                    Conjuration/Translocation    4
   f - Iskenderun's Mystic Blast      Conjuration                  4
   Trog disapproves of the use of such an item.
Comestibles
 c - 9 bread rations
 d - 5 royal jellies
 o - 7 meat rations
 F - 2 fruits
 U - 21 chunks of flesh


   Skills:
 + Level 13.1 Fighting
 - Level 2.6 Axes
 + Level 12.0 Armour
 - Level 1.7 Dodging


You had 10 spell levels left.
You didn't know any spells.

Dungeon Overview and Level Annotations

Branches:
Dungeon (11/15)            Temple (0/1) D:5            Lair (0/6) D:10
    Orc: D:9-12

Altars:
Ashenzari
Cheibriados
Elyvilon
Fedhas
Gozag
Hepliaklqana
Kikubaaqudgha
Nemelex Xobeh
Okawaru
Ru
Uskayaw
Xom
Zin

Shops:
D:7 %   D:9 %=(

Annotations:
D:11 Snorg


Innate Abilities, Weirdness & Mutations

You have razor-sharp toenails.
You are mostly covered in thin metallic scales. (AC +3)
You are mostly covered in sharp spines.
You have supernaturally acute eyesight. (SInv)
You can translocate small distances at will.
Your flesh is heat resistant. (rF+)
You are robust. (+10% HP)


Message History

Some of the chunks of flesh in your inventory have rotted away.
You sock the wolf! You freeze the wolf.
You kill the wolf!
Trog accepts your kill. The polar bear closely misses you.
The polar bear claws you but does no damage. x2
The polar bear bites you but does no damage.
The polar bear claws you but does no damage. x2
You puncture the polar bear! You freeze the polar bear.
You claw the polar bear, but do no damage.
The polar bear is almost dead.
The polar bear is struck by your spines.
The polar bear misses you. The polar bear closely misses you.
The polar bear claws you but does no damage.
The polar bear bites you!!
* * * LOW HITPOINT WARNING * * *
The polar bear barely misses you.
The polar bear claws you but does no damage.
The polar bear bites you!!
You die...

...∩## .....# #....#
##.#∩# ####### ### ##
##.## ##.## .###...#
###...## ......##
#.#†#..####
....#..###...##.@#.##
#.###..#..#.###.#hh.##
######.#.#.## ##.....#
##≈##.## #.## ##.#..##
#.....## #..# #.##..#
.≈§..##.##÷## #####.##
..#### #.#÷# #.#...#
.## ###...# ####.##.#
## #.#..## ##.#####.#


You could see 2 polar bears.

Vanquished Creatures
  A death yak (IceCv)
  An ugly thing (D:11)
  A rime drake (IceCv)
  A komodo dragon (D:10)
  5 polar bears (IceCv)
  A troll (D:10)
  A hippogriff (D:7)
  A wraith (D:11)
  17 yaks
  Grum (D:8)
  2 hungry ghosts
  A soldier ant (D:9)
  An orc warrior (D:7)
  A black bear (D:9)
  A sky beast (D:8)
  An ice beast (D:11)
  2 necrophages
  3 ogres (D:7)
  16 wolves
  3 phantoms
  5 centaurs
  2 crocodiles (D:10)
  5 bullfrogs
  A wyvern skeleton (D:7)
  2 scorpions
  14 killer bees
  9 wights
  5 howler monkeys
  2 crimson imps
  A centaur zombie (D:10)
  4 orc priests
  8 hounds
  2 jellies
  A bullfrog skeleton (D:7)
  A centaur skeleton (D:8)
  9 worker ants
  Terence (D:3)
  An iguana (D:10)
  9 orc wizards
  2 killer bee zombies
  A hound zombie (D:6)
  A worker ant zombie (D:10)
  Robin (D:2)
  10 adders
  A howler monkey skeleton (D:10)
  A shadow imp (D:7)
  An ooze (D:2)
  3 adder skeletons
  3 worms
  A dart slug (D:1)
  5 leopard geckos
  29 orcs
  4 giant cockroaches
  16 goblins
  9 hobgoblins
  11 jackals
  8 kobolds
  3 quokkas
  9 bats
  7 frilled lizards
  A jackal skeleton (D:4)
  A leopard gecko skeleton (D:7)
  8 rats
279 creatures vanquished.

Vanquished Creatures (others)
  A wolf (IceCv)
  2 plants (D:10)
3 creatures vanquished.

Grand Total: 282 creatures vanquished

Notes
Turn   | Place    | Note
-------+----------+-------------------------------------------
     0 | D:1      | grindst0ne the Demonspawn Berserker began the quest for the Orb.
     0 | D:1      | Reached XP level 1. HP: 18/18 MP: 1/1
   130 | D:1      | Gained mutation: You are partially covered in sharp spines. [demonic ancestry]
   130 | D:1      | Reached XP level 2. HP: 22/24 MP: 2/2
   958 | D:2      | Noticed Robin
   984 | D:2      | Gained mutation: You are partially covered in thin metallic scales. (AC +2) [demonic ancestry]
   984 | D:2      | Reached XP level 3. HP: 26/30 MP: 3/3
   999 | D:2      | Reached ** piety under Trog
  1013 | D:2      | Killed Robin
  1020 | D:1      | Reached skill level 4 in Fighting
  1352 | D:2      | Reached XP level 4. HP: 37/37 MP: 4/4
  1705 | D:2      | Found a blossoming altar of Fedhas.
  1706 | D:2      | Found an ancient bone altar of Kikubaaqudgha.
  2266 | D:3      | Found a sparkling altar of Nemelex Xobeh.
  2333 | D:3      | Gained mutation: You are mostly covered in thin metallic scales. (AC +3) [demonic ancestry]
  2333 | D:3      | Reached XP level 5. HP: 39/43 MP: 5/5
  2482 | D:3      | Noticed Terence
  2487 | D:3      | Killed Terence
  2564 | D:3      | Reached *** piety under Trog
  2997 | D:4      | Reached skill level 5 in Fighting
  3051 | D:4      | Noticed a centaur
  3058 | D:4      | Killed a centaur
  3058 | D:4      | Gained mutation: You are mostly covered in sharp spines. [demonic ancestry]
  3058 | D:4      | Reached XP level 6. HP: 51/51 MP: 6/6
  3084 | D:4      | Found a shattered altar of Ashenzari.
  3380 | D:4      | Reached skill level 5 in Armour
  3380 | D:4      | Reached XP level 7. HP: 57/57 MP: 7/7
  3386 | D:4      | Got a twisted rapier
  3388 | D:4      | Identified the +6 rapier of the Big Fish {venom, Stlth+} (You found it on level 4 of the Dungeon)
  3389 | D:4      | Gained mutation: You can translocate small distances at will. [potion of mutation]
  3389 | D:4      | Gained mutation: You are robust. (+10% HP) [potion of mutation]
  3389 | D:4      | Gained mutation: Your flesh is heat resistant. (rF+) [potion of mutation]
  3389 | D:4      | Gained mutation: You have supernaturally acute eyesight. (SInv) [potion of mutation]
  3470 | D:4      | Reached skill level 6 in Fighting
  3689 | D:5      | Entered Level 5 of the Dungeon
  3709 | D:5      | Found a sacrificial altar of Ru.
  3712 | D:5      | Found a glowing silver altar of Zin.
  3712 | D:5      | Found an iron altar of Okawaru.
  3712 | D:5      | Found a hide-covered altar of Uskayaw.
  4283 | D:5      | Found a staircase to the Ecumenical Temple.
  5011 | D:6      | Reached skill level 7 in Fighting
  5057 | D:6      | Reached XP level 8. HP: 40/73 MP: 6/8
  5234 | D:6      | Reached **** piety under Trog
  5279 | D:6      | Found a hazy altar of Hepliaklqana.
  5281 | D:6      | Found a shimmering altar of Xom.
  5281 | D:6      | Noticed a hell beast
  5282 | D:6      | Noticed a spectral ugly thing
  5282 | D:6      | Noticed a hell beast
  5503 | D:6      | Found a white marble altar of Elyvilon.
  5944 | D:7      | Noticed a hippogriff
  5954 | D:7      | Killed a hippogriff
  5954 | D:7      | Reached skill level 8 in Fighting
  6005 | D:7      | Found Kumourr's Food Shoppe.
  6097 | D:7      | Received a gift from Trog
  6383 | D:7      | Gained mutation: You have sharp toenails. [demonic ancestry]
  6383 | D:7      | Reached XP level 9. HP: 82/82 MP: 9/9
  6427 | D:7      | Received a gift from Trog
  6536 | D:7      | Reached skill level 9 in Fighting
  7052 | D:8      | Found a snail-covered altar of Cheibriados.
  7128 | D:8      | Noticed Grum
  7148 | D:8      | Killed Grum
  7148 | D:8      | Reached skill level 10 in Fighting
  7440 | D:8      | Found an opulent altar of Gozag.
  7777 | D:9      | Found Pany's Antique Weapon Shop.
  7780 | D:9      | Bought a bloodstained lajatang for 480 gold pieces
  7911 | D:9      | Gained mutation: You have razor-sharp toenails. [demonic ancestry]
  7911 | D:9      | Reached XP level 10. HP: 89/94 MP: 5/10
  8420 | D:9      | Found Idiotim's Food Emporium.
  8427 | D:9      | Reached skill level 10 in Armour
  8495 | D:9      | Reached skill level 11 in Fighting
  8759 | D:9      | Found Gumnesik's Jewellery Shop.
  8821 | D:10     | Entered Level 10 of the Dungeon
  8835 | D:10     | Got an ichor-stained ring mail
  8849 | D:10     | Identified the +5 ring mail of Sin {rElec rPois Int+5 Dex-3 Stlth+} (You found it on level 10 of the Dungeon)
  9031 | D:10     | Identified a scroll of acquirement
  9264 | D:10     | Found an opulent altar of Gozag.
  9269 | D:10     | Reached ***** piety under Trog
  9548 | D:10     | Reached skill level 12 in Fighting
  9591 | D:10     | Received a gift from Trog
  9592 | D:10     | Found a staircase to the Lair.
  9770 | D:11     | Noticed a purple ugly thing
  9782 | D:11     | Killed a purple ugly thing
  9782 | D:11     | Reached XP level 11. HP: 51/104 MP: 5/11
  9857 | D:11     | Found a frozen archway.
  9861 | D:11     | Noticed Snorg
  9866 | IceCv    | Entered an ice cave
 10277 | IceCv    | Noticed a death yak
 10298 | IceCv    | Killed a death yak
 10306 | IceCv    | Reached skill level 13 in Fighting
 10380 | IceCv    | Mangled by a polar bear

Vault maps used:
D:1:      dpeg_arrival_short_road
D:2:      grunt_temple_overflow_growth_and_decay, uniq_robin
D:3:      nemelex_xobeh_ov_fountains_minmay, minmay_misc_feat_five, uniq_terence
D:4:      kennysheep_mini, first_bread, minmay_misc_feat_tower,
          minmay_small_thing
D:5:      grunt_temple_overflow_open, temple_statues
D:6:      regret_index_temple_of_mockery, overflow_temple_1_default
D:7:      serial_shops, kennysheep_little_box, grunt_ogre_cave
D:8:      lemuel_coloured_pillars_altar, nicolae_overflow_crystal_walls,
          uniq_grum
D:9:      serial_shops, shop, shop, nicolae_shop_behind_doors
D:10:     david_lair_shrubbed, nicolae_gozag_seed_capital
D:11:     portal_ice_cave_entry_pillars_2, basic_altar, lightli_wizard_tower,
          uniq_sonja, uniq_erolcha, uniq_harold, uniq_snorg
IceCv:    ice_cave_caverns_03

Skill      XL: |  1  2  3  4  5  6  7  8  9 10 11 |
---------------+----------------------------------+-----
Armour         | 2 3 4 5 6 7 9 11 12 | 12.0
Fighting       | 4 5 7 8 10 12 13 | 13.1
Axes           | |  2.6
Dodging        | |  1.7

Action                   |  1- 3 |  4- 6 |  7- 9 | 10-12 || total
-------------------------+-------+-------+-------+-------++-------
Melee: Hand axe          |    73 |    77 |       |       ||   150
       Morningstar       |       |    43 |    50 |   226 ||   319
       Rapier            |       |       |    85 |       ||    85
       Halberd           |       |       |   100 |       ||   100
       Kick              |       |       |    44 |    85 ||   129
Invok: Berserk           |     4 |     6 |    10 |    16 ||    36
  Use: Scroll            |       |    11 |    11 |     5 ||    27
       Potion            |       |       |     1 |     1 ||     2
 Stab: Sleeping          |     1 |     1 |       |     2 ||     4
  Eat: Chunk             |     5 |    12 |    18 |    18 ||    53
       Meat ration       |       |       |     1 |       ||     1
       Bread ration      |       |       |     1 |     1 ||     2
Armor: Animal skin       |    27 |    15 |       |       ||    42
       Chain mail        |       |    43 |   174 |    85 ||   302
       Ring mail         |       |       |       |    96 ||    96
Dodge: Dodged            |    60 |    71 |    98 |   160 ||   389
